 Dungeon Crawl Stone Soup version 0.20-a0-465-g6513c8f (webtiles) character file.

165 shitimlost the Skirmisher (level 5, -6/42 HPs)
             Began as a Barachian Fighter on Jan 13, 2017.
             Mangled by an ogre
             ... wielding a +0 giant club
              (26 damage)
             ... on level 4 of the Dungeon.
             The game lasted 00:06:30 (3397 turns).

shitimlost the Skirmisher (Barachian Fighter)       Turns: 3397, Time: 00:06:30

Health: -6/42      AC:  9    Str: 20    XL:     5   Next: 46%
Magic:  5/5        EV:  7    Int:  6    God:
Gold:   252        SH:  9    Dex: 11    Spells: 4/4 levels left

rFire  . . .     SeeInvis .     a - +0 long sword
rCold  . . .     Gourm    .     b - +0 scale mail
rNeg   . . .     Faith    .     c - +0 shield
rPois  +         Spirit   .     o - +1 hat
rElec  .         Reflect  .     m - +0 cloak {rPois}
rCorr  .         Harm     .     (no gloves)
MR     .....                    (no boots)
Stlth  ..........               (no amulet)
                                (no ring)
                                (no ring)

@: mighty, slow
A: swims, slowness 1, strong legs 1
a: Hop


You were on level 4 of the Dungeon.
You were not hungry.

You visited 1 branch of the dungeon, and saw 4 of its levels.

You collected 252 gold pieces.

Inventory:

Hand Weapons
 a - a +0 long sword (weapon)
Armour
 b - a +0 scale mail (worn)
 c - a +0 shield (worn)
 m - a +0 cloak of poison resistance (worn)
 o - a +1 hat (worn)
Jewellery
 g - a +6 amulet of reflection {unknown}
Scrolls
 e - a scroll of teleportation
Potions
 h - a potion of degeneration
 i - a potion of flight {unknown}
 l - a potion of mutation
 p - a potion of invisibility
 q - a potion of cure mutation {unknown}
 r - a potion of curing {unknown}
Comestibles
 f - 3 bread rations
 j - a beef jerky
 k - 2 meat rations


   Skills:
 + Level 4.2 Fighting
 + Level 3.5 Long Blades
 + Level 4.2 Armour
 + Level 4.0 Shields


You had 4 spell levels left.
You didn't know any spells.

Dungeon Overview and Level Annotations

Branches:
Dungeon (4/15)
 Temple: D:4-7

Altars:
Sif Muna

Annotations:
D:3 Yezarul's ghost, amateur DsFi


Innate Abilities, Weirdness & Mutations

You can swim through water.
You cover ground slowly.
You can hop short distances.


Message History

r - a metallic green potion You now have 252 gold pieces (gained 19).
All of the chunks of flesh in your inventory have rotted away.
An adder and an ogre come into view.
The adder hisses angrily.
The ogre shouts!
You feel very mighty all of a sudden. The adder bites you.
The adder barely misses you.
You slash the adder!
You kill the adder!
You slash the ogre!
The ogre is heavily wounded.
The ogre hits you with a giant club!!
You hit the ogre.
The ogre is severely wounded.
The ogre closely misses you.
Your shield and scale mail prevent you from hitting the ogre.
The ogre is severely wounded.
The ogre hits you with a giant club!!
Ouch! That really hurt!
You die...

#...# #..### # ##...>#
.. ##..#..## ...
######..###..# #..
#......## #..# #...
#.###### ##.###
#..#####.##########...#
#...O@..........###...
##.############....#<.
#.. ####..#. #.# ##...
#. #... .. #... ## #...
#... #...


You could see an ogre.

Vanquished Creatures
  Natasha (thrice) (D:3)
  3 adders
  3 worms
  3 dart slugs
  A leopard gecko (D:3)
  An orc (D:3)
  8 bats
  A giant cockroach (D:1)
  4 hobgoblins
  3 jackals
  4 kobolds
  4 frilled lizards
  8 goblins
  10 rats
56 creatures vanquished.

Notes
Turn   | Place    | Note
-------+----------+-------------------------------------------
     0 | D:1      | shitimlost the Barachian Fighter began the quest for the Orb.
     0 | D:1      | Reached XP level 1. HP: 18/18 MP: 1/1
   281 | D:1      | Reached XP level 2. HP: 24/24 MP: 2/2
   961 | D:2      | Reached XP level 3. HP: 29/29 MP: 3/3
  1665 | D:3      | Noticed Yezarul's ghost (amateur DsFi)
  1857 | D:2      | Reached XP level 4. HP: 20/37 MP: 4/4
  2526 | D:3      | Noticed Natasha
  2533 | D:3      | Killed Natasha
  2562 | D:3      | Noticed Natasha
  2593 | D:3      | Killed Natasha
  2593 | D:3      | Reached XP level 5. HP: 22/42 MP: 5/5
  2616 | D:3      | Noticed Natasha
  2622 | D:3      | Killed Natasha
  2917 | D:3      | Found a deep blue altar of Sif Muna.
  3390 | D:4      | Noticed an ogre
  3397 | D:4      | Mangled by an ogre

Vault maps used:
D:1:      dpeg_arrival_fog
D:2:      first_bread, kennysheep_nondescript
D:3:      lemuel_round_altar, serial_curves, eino_curves_04, eino_curves_03,
          eino_curves_01, uniq_natasha
D:4:      lemuel_zombie_altar_yredelemnul, marbit_many_paths,
          uniq_crazy_yiuf_cottage

Skill      XL: |  1  2  3  4  5 |
---------------+----------------+-----
Fighting       | 4 |  4.2
Long Blades    | 3 |  3.5
Armour         | 4 |  4.2
Shields        | 4 |  4.0

Action                   |  1- 3 |  4- 6 || total
-------------------------+-------+-------++-------
Melee: Long sword        |   139 |    63 ||   202
  Use: Scroll            |     7 |     2 ||     9
       Potion            |       |     2 ||     2
  Eat: Chunk             |     4 |     1 ||     5
       Bread ration      |       |     1 ||     1
Armor: Scale mail        |    85 |    24 ||   109
Dodge: Dodged            |    34 |    18 ||    52
Block: Shield            |    67 |    22 ||    89
       Rpst.: Long sword |    12 |     7 ||    19
